 Dungeon Crawl Stone Soup version 0.21-a0-496-g696f58f (webtiles) character file.

64677 Lavandula the Carver (level 14, -1/106 HPs)
             Began as a Mummy Chaos Knight on Nov 23, 2017.
             Killed from afar by a hell hound (2 damage)
             ... with a blast of flame
             ... led by Azrael
             ... on level 12 of the Dungeon.
             The game lasted 02:27:14 (28227 turns).

Lavandula the Carver (Mummy Chaos Knight)          Turns: 28227, Time: 02:27:14

Health: -1/106     AC: 13    Str: 20    XL:     14   Next: 72%
Magic:  0/30       EV: 15    Int: 16    God:    Xom [..*...]
Gold:   293        SH: 18    Dex: 15    Spells: 1/23 levels left

rFire    . . .     SeeInvis .   l - +4 scimitar (flame)
rCold    + . .     Gourm    .   O - +6 shield of Greater Demons {Str+4}
rNeg     + + +     Faith    .   i - +0 troll leather armour
rPois    ∞         Spirit   +   g - +1 hat
rElec    .         Reflect  .   j - +2 cloak {+Inv}
rCorr    .         Harm     .   h - +2 pair of gloves
MR       ++...                  z - +0 pair of boots
Stlth    +.........             S - amulet "Ekhaeff" {Spirit +Fly rF+ MP+9 Int+4}
HPRegen  0.67/turn              F - ring of protection from magic
MPRegen  0.22/turn              n - ring of wizardry

@: very slightly contaminated
A: no food or potions, fire vulnerability, cold resistance 1, negative energy
resistance 3, torment resistance, unbreathing, in touch with death 1
a: Renounce Religion, Evoke Invisibility, Evoke Flight


You were on level 12 of the Dungeon.
You worshipped Xom.
You were a toy of Xom.
You were not hungry.

You visited 3 branches of the dungeon, and saw 20 of its levels.
You visited the Abyss 1 time.

You collected 2346 gold pieces.
You spent 2053 gold pieces at shops.

Inventory:

Hand Weapons
 l - a +4 scimitar of flaming (weapon)
Missiles
 r - 9 tomahawks (quivered)
 s - 6 tomahawks of dispersal
 L - a throwing net
Armour
 d - a +1 leather armour of fire resistance
 g - a +1 hat (worn)
 h - a +2 pair of gloves (worn)
 i - a +0 troll leather armour (worn)
 j - a +2 cloak of invisibility (worn)
 x - a +0 buckler
 z - a +0 pair of boots (worn)
 O - the +6 shield of Greater Demons (worn) {Str+4}
   (You acquired it on level 4 of the Lair of Beasts)

   It affects your strength (+4).
Jewellery
 e - an uncursed ring of fire
 f - an uncursed amulet of harm
 n - a ring of wizardry (right hand)
 F - a ring of protection from magic (left hand)
 J - the cursed ring "Unaophuh" {Dex-2 Slay+2}
   (You took it off a centaur warrior on level 11 of the Dungeon)

   [ring of dexterity]

   It affects your dexterity (-2).
   It affects your accuracy and damage with ranged weapons and melee attacks
   (+2).
   It has a curse placed upon it.
 K - the ring of Veqobod {Str+2 Int+5}
   (You found it on level 11 of the Dungeon)

   [ring of intelligence]

   It affects your strength (+2).
   It affects your intelligence (+5).
 S - the amulet "Ekhaeff" (around neck) {Spirit +Fly rF+ MP+9 Int+4}
   (You found it on level 6 of the Lair of Beasts)

   [amulet of guardian spirit]

   It causes incoming damage to be split between your health and magic.
   It affects your intelligence (+4).
   It protects you from fire.
   It affects your magic capacity (+9).
   It lets you fly.
Wands
 c - a wand of flame (21)
 o - a wand of disintegration (31)
 p - a wand of random effects (30)
 q - a wand of digging (22)
 v - a wand of iceblast (18)
 y - a wand of polymorph (26)
 A - a wand of enslavement (29)
 E - a wand of clouds (2)
 G - a wand of paralysis (32)
 M - a wand of acid (5)
Scrolls
 b - a scroll of torment
 k - 4 scrolls of fog
 t - 5 scrolls of magic mapping
 u - 6 scrolls of teleportation
 w - a scroll of identify
 B - 2 scrolls of fear
 C - a scroll of holy word
 D - 2 scrolls of silence
 H - 2 scrolls of summoning
 I - 6 scrolls of remove curse
Books
 a - a book of Battle

   Spells                             Type                      Level
   a - Infusion                       Charms                       1
   b - Shroud of Golubria             Charms/Translocation         2
   c - Song of Slaying                Charms                       2
   d - Spectral Weapon                Hexes/Charms                 3
   e - Regeneration                   Charms/Necromancy            3
 m - a book of Callings

   Spells                             Type                      Level
   a - Summon Small Mammal            Summoning                    1
   b - Call Imp                       Summoning                    2
   c - Call Canine Familiar           Summoning                    3
   d - Summon Guardian Golem          Hexes/Summoning              3
   e - Summon Lightning Spire         Summoning/Air                4
   f - Summon Ice Beast               Ice/Summoning                4
Miscellaneous
 Q - a sack of spiders


   Skills:
 - Level 8.8 Fighting
 - Level 14.0 Long Blades
 - Level 4.9 Armour
 - Level 6.4 Dodging
 + Level 10.5 Shields
 - Level 5.0 Spellcasting
 - Level 3.4 Conjurations
 - Level 2.2 Hexes
 - Level 2.0 Charms
 - Level 3.3 Summonings
 - Level 3.2 Air Magic
 - Level 1.9 Poison Magic
 - Level 3.2 Evocations


You had one spell level left.
You knew the following spells:

 Your Spells              Type           Power        Failure   Level  Hunger
a - Mephitic Cloud        Conj/Pois/Air  ##......     12%         3    N/A
b - Blink                 Tloc           N/A          19%         2    N/A
c - Conjure Flame         Conj/Fire      #.......     19%         3    N/A
d - Call Imp              Summ           ##......     4%          2    N/A
e - Dazzling Spray        Conj/Hex       ##....       12%         3    N/A
f - Shroud of Golubria    Chrm/Tloc      #.........   12%         2    N/A
g - Spectral Weapon       Hex/Chrm       ##......     16%         3    N/A
h - Summon Lightning Spi  Summ/Air       ##......     30%         4    N/A

Dungeon Overview and Level Annotations

Branches:
Dungeon (12/15)            Temple (0/1) D:4            Lair (6/6) D:9
 Shoals (0/4) Lair:4       Spider (0/4) Lair:2        Slime (0/5) Lair:6
    Orc (2/2) D:9             Elf (0/3) Orc:2

Altars:
Cheibriados
Hepliaklqana
Kikubaaqudgha
Sif Muna
Xom
Yredelemnul
Zin
The Shining One
Beogh

Shops:
D:6 ?::   Orc:1 *   Orc:2 !**[

Annotations:
D:11 2 runed doors
D:12 Azrael


Innate Abilities, Weirdness & Mutations

You do not eat or drink.
Your flesh is vulnerable to fire.
You are immune to poison.
Your flesh is cold resistant. (rC+)
You are immune to negative energy. (rN+++)
You are immune to unholy pain and torment.
You can survive without breathing.
You are in touch with the powers of death.


Message History

Okay, then.
Okay, then.
Evoke which item? (* to show all) (? for menu, Esc to quit)
Okay, then.
Fire/throw which item? (* to show all) (? for menu, Esc to quit)
Okay, then.
Casting: Blink
Confirm with . or Enter, or press ? or * to list all spells.
You don't have enough magic to cast that spell.
Found a stone staircase leading up.
The hell hound breathes flames at you.
The blast of flame hits the fire elemental.
The fire elemental completely resists.
The blast of flame hits you!
* * * LOW HITPOINT WARNING * * *
Xom roars with laughter!
The fire elemental completely misses your butterfly.
The hell hound breathes flames at you. The blast of flame hits you!
You die...
Xom is highly amused!

#.....___......
...####..#####.# .
#.h# .# ###u§#####.#
.......§l§....######
......c.R§§.........
......§.u.EE........
.....c§hh.E..b......
.......cE§h.@....<..
......c§...)......<.
..........b.........
.................
.................
....#######.#####
##?. .# #. .#


You could see Azrael, 2 ugly things, 4 fire elementals, 4 hell hounds, a wyvern
and 4 centaurs.

Vanquished Creatures
  The ghost of mhoghedin the Fighter, a journeyman DrBe of Trog (Lair:6)
  6 hydras
  A centaur warrior (D:11)
  11 two-headed ogres
  3 ogre magi
  5 death yaks (Lair:5)
  An orc high priest (Orc:2)
  An unseen horror (D:11)
  A deep troll (Orc:2)
  Pikel (D:9)
  An orc knight (Orc:2)
  A manticore (D:11)
  2 orc sorcerers
  17 elephants
  Maurice (D:10)
  Joseph (D:8)
  2 black mambas
  11 spiny frogs
  2 torpor snails (Lair:1)
  3 komodo dragons (Lair:5)
  4 polar bears (Lair:6)
  11 trolls
  3 hornets (Lair:6)
  A jumping spider (Lair:2)
  Prince Ribbit (D:9)
  15 blink frogs
  7 hippogriffs
  A dream sheep (Lair:2)
  A shadow (D:11)
  3 redbacks
  11 spriggans
  4 wyverns
  24 yaks
  5 basilisks
  6 wargs
  6 vampire mosquitoes
  An acid dragon (D:7)
  Duvessa (D:5)
  13 orc warriors
  15 water moccasins
  3 porcupines
  2 ice beasts (D:7)
  2 sky beasts
  3 slaves (D:9)
  A black bear (D:10)
  19 wolves
  20 ogres
  3 boggarts
  4 centaurs
  10 crocodiles
  13 bullfrogs
  Blork the orc (D:6)
  Dowan (D:5)
  5 scorpions
  9 killer bees
  A wight (D:11)
  An electric eel (Lair:4)
  2 howler monkeys (D:9)
  4 bullfrog zombies
  7 crimson imps
  6 hounds
  11 orc priests
  4 jellies
  A gnoll shaman (D:10)
  5 centaur skeletons
  3 iguanas
  3 bullfrog skeletons
  Ijyb (D:3)
  Natasha (twice) (D:4)
  20 orc wizards
  5 hell rats
  Terence (D:2)
  4 worker ants
  2 hound skeletons
  9 gnolls
  A howler monkey skeleton (D:10)
  12 adders
  4 shadow imps
  An ooze (D:2)
  3 worms
  A dart slug (shapeshifter) (D:3)
  A dart slug (D:2)
  6 leopard geckos
  66 orcs
  3 ball pythons
  7 bats
  6 giant cockroaches
  5 goblins
  12 hobgoblins
  6 jackals
  2 quokkas
  5 frilled lizards
  6 kobolds
  A leopard gecko skeleton (D:4)
  2 quokka skeletons
  7 rats
  2 spectral weapons
552 creatures vanquished.

Vanquished Creatures (collateral kills)
  2 orc warlords (Orc:1)
  The ghost of zero the Severer, a journeyman GrBe of Trog (Orc:2)
  The ghost of kae the Geomancer, a journeyman GrEE of Vehumet (Lair:5)
  A two-headed ogre (Orc:1)
  A deep troll (Orc:2)
  An orc knight (Orc:2)
  2 cyclopes (Orc:2)
  2 elephants (Lair:5)
  A water nymph (Lair:1)
  4 spiny frogs
  A rime drake (Lair:3)
  A spriggan (Lair:6)
  A basilisk (Lair:4)
  3 porcupines
  2 orc warriors
  4 ogres
  A boggart (Lair:6)
  A crocodile (Lair:1)
  A killer bee (D:12)
  A centaur zombie (D:11)
  2 orc priests
  An adder (D:10)
  7 orcs (Orc:1)
  A jackal (D:8)
43 creatures vanquished.

Vanquished Creatures (others)
  A two-headed ogre (Orc:2)
  A spriggan (Lair:6)
  A hornet (Lair:6)
  A water moccasin skeleton (D:4)
  A hound (D:8)
  An orc priest (Orc:1)
  Natasha (D:4)
  A kobold (D:2)
  21 fungi
  11 plants
  7 spectral weapons
47 creatures vanquished.

Grand Total: 642 creatures vanquished

Notes
Turn   | Place    | Note
-------+----------+-------------------------------------------
     0 | D:1      | Lavandula the Mummy Chaos Knight began the quest for the Orb.
     0 | D:1      | Reached XP level 1. HP: 18/18 MP: 1/1
   147 | D:1      | XOM: divination: detect items
   171 | D:1      | Reached XP level 2. HP: 22/24 MP: 2/2
   187 | D:1      | Reached skill level 3 in Long Blades
   352 | D:1      | XOM: cloud trail
   884 | D:2      | Reached XP level 3. HP: 21/29 MP: 3/3
  1044 | D:2      | XOM: potion effect (haste)
  1137 | D:2      | XOM: divination: detect items
  1255 | D:2      | Noticed Terence
  1262 | D:2      | XOM: potion effect (invisibility)
  1265 | D:2      | Killed Terence
  1265 | D:2      | Reached skill level 4 in Long Blades
  1265 | D:2      | Reached XP level 4. HP: 31/35 MP: 4/4
  1469 | D:2      | XOM: cloud trail
  2085 | D:3      | XOM: divination: detect items
  2090 | D:3      | Found a faded altar of an unknown god.
  2103 | D:3      | Noticed Ijyb
  2127 | D:3      | XOM: confuse monster(s)
  2138 | D:3      | Killed Ijyb
  2138 | D:3      | Reached XP level 5. HP: 41/41 MP: 5/5
  2169 | D:3      | Reached skill level 5 in Long Blades
  2199 | D:3      | XOM: medium Tmut miscast
  2436 | D:3      | XOM: cloud trail
  2451 | D:3      | XOM: silly message
  2516 | D:3      | XOM: divination: magic mapping
  2587 | D:3      | Found a hazy altar of Hepliaklqana.
  2642 | D:3      | Found a glowing silver altar of Zin.
  2642 | D:3      | Found an ancient bone altar of Kikubaaqudgha.
  2732 | D:4      | Found a staircase to the Ecumenical Temple.
  2765 | D:4      | XOM: silly message
  2765 | D:4      | Reached XP level 6. HP: 21/47 MP: 6/6
  2865 | D:4      | XOM: noise
  2924 | D:4      | XOM: harmless Ice miscast
  2970 | D:4      | XOM: confusion (+ monsters)
  2972 | D:4      | XOM: mild Tmut miscast
  2975 | D:4      | XOM: medium Chrm miscast
  2987 | D:4      | Reached skill level 6 in Long Blades
  3084 | D:4      | XOM: scenery: 1 doors close
  3152 | D:4      | XOM: mild Summ miscast
  3153 | D:4      | Noticed a spatial vortex
  3254 | D:4      | XOM: noise
  3265 | D:4      | Noticed Natasha
  3273 | D:4      | Killed Natasha
  3273 | D:4      | XOM: medium Chrm miscast
  3410 | D:4      | Reached XP level 7. HP: 49/52 MP: 7/7
  3450 | D:4      | XOM: noise
  3467 | D:4      | Found a deep blue altar of Sif Muna.
  3486 | D:4      | Found a basalt altar of Yredelemnul.
  3487 | D:4      | Noticed Natasha
  3488 | D:4      | Noticed a profane servitor
  3489 | D:4      | XOM: smoke on damage
  3491 | D:4      | Killed Natasha
  3502 | D:4      | Found a glowing golden altar of the Shining One.
  3504 | D:4      | Noticed an angel
  3534 | D:4      | Noticed Natasha
  3545 | D:4      | Killed Natasha
  3545 | D:4      | Reached skill level 7 in Long Blades
  3611 | D:4      | XOM: god gift: 16 stones
  3661 | D:5      | Entered Level 5 of the Dungeon
  3806 | D:5      | Noticed Dowan
  3808 | D:5      | Noticed Duvessa
  3816 | D:5      | Killed Duvessa
  3821 | D:5      | Killed Dowan
  4493 | D:5      | XOM: medium Erth miscast
  4536 | D:5      | Reached skill level 8 in Long Blades
  4987 | D:6      | Noticed a two-headed ogre
  4989 | D:6      | XOM: enchant monster (bad)
  5052 | D:6      | Reached XP level 8. HP: 58/58 MP: 8/8
  5230 | D:6      | XOM: medium Tloc miscast
  5230 | D:6      | Cast into level 1 of the Abyss (the capriciousness of Xom)
  5231 | Abyss:1  | Noticed a wretched star
  5231 | Abyss:1  | Noticed a white ugly thing
  5233 | Abyss:1  | Found a corrupted altar of Lugonu.
  5233 | Abyss:1  | Noticed a blink frog
  5235 | Abyss:1  | Noticed a shadow demon
  5235 | Abyss:1  | Noticed a shadow demon
  5235 | Abyss:1  | Noticed an orb spider
  5236 | Abyss:1  | Noticed a sun demon
  5236 | Abyss:1  | Noticed a hellwing
  5237 | Abyss:1  | Noticed a slime creature
  5237 | Abyss:1  | Noticed a slime creature
  5237 | Abyss:1  | XOM: potion effect (haste)
  5240 | Abyss:1  | Found a corrupted altar of Lugonu.
  5302 | D:6      | Escaped the Abyss
  5385 | D:6      | Found Ranaroc's Magic Scroll Shoppe.
  5388 | D:6      | Bought a scroll of magic mapping for 38 gold pieces
  5388 | D:6      | Bought a scroll of fog for 22 gold pieces
  5388 | D:6      | Bought a scroll of teleportation for 33 gold pieces
  5441 | D:6      | XOM: scenery: create altars
  5565 | D:6      | XOM: enchant monster (good)
  5566 | D:6      | Killed a two-headed ogre
  5566 | D:6      | Reached skill level 9 in Long Blades
  5647 | D:6      | Noticed Blork the orc
  5664 | D:6      | Killed Blork the orc
  5742 | D:6      | XOM: enchant monster (bad)
  5979 | D:6      | Found Gamaskyt's Book Shoppe.
  6092 | D:6      | Reached XP level 9. HP: 63/63 MP: 9/9
  6209 | D:6      | XOM: fog
  6277 | D:6      | XOM: cloud trail
  6444 | D:6      | XOM: god gift: scroll labeled DEVOFR LUEM {god gift}
  6494 | D:6      | Found Uvoerres's Book Shop.
  6656 | D:7      | Reached skill level 1 in Spellcasting
  6710 | D:7      | XOM: cleaving
  6857 | D:7      | XOM: 5-stop teleportation journey
  7490 | D:8      | Noticed Joseph
  7518 | D:8      | Reached skill level 5 in Fighting
  7650 | D:8      | Identified a scroll of acquirement
  7745 | D:8      | XOM: fake destruction
  7898 | D:8      | Found a snail-covered altar of Cheibriados.
  7983 | D:6      | Bought a book of Minor Magic for 280 gold pieces
  7987 | D:6      | Learned a level 3 spell: Mephitic Cloud
  7990 | D:6      | Learned a level 2 spell: Blink
  7994 | D:6      | Learned a level 3 spell: Conjure Flame
  7997 | D:6      | Learned a level 2 spell: Call Imp
  8213 | D:8      | XOM: silly message
  8273 | D:8      | XOM: harmless Erth miscast
  8277 | D:8      | XOM: butterfly on damage
  8281 | D:8      | XOM: smoke on damage
  8383 | D:7      | XOM: potion effect (might)
  8469 | D:7      | Reached skill level 1 in Summonings
  8472 | D:7      | XOM: harmless Tloc miscast
  8947 | D:7      | Reached skill level 1 in Conjurations
  9104 | D:7      | XOM: cloud trail
  9418 | D:8      | XOM: potion effect (heal wounds)
  9536 | D:8      | XOM: summons 5 friendly demons
  9541 | D:8      | Killed Joseph
  9644 | D:9      | XOM: noise
  9653 | D:9      | XOM: cast spell 'Summon Butterflies'
  9736 | D:9      | Reached skill level 1 in Dodging
  9738 | D:9      | XOM: noise
  9772 | D:9      | XOM: 1-stop teleportation journey
  9801 | D:9      | Noticed Prince Ribbit
  9802 | D:9      | XOM: enchant monster (good)
  9851 | D:9      | XOM: potion effect (might)
  9873 | D:9      | XOM: divination: detect creatures
 10155 | D:9      | Noticed a two-headed ogre
 10164 | D:9      | XOM: enchant monster (good)
 10166 | D:9      | XOM: scenery: create altars
 10179 | D:9      | XOM: butterfly on damage
 10182 | D:9      | Killed a two-headed ogre
 10182 | D:9      | Reached XP level 10. HP: 56/76 MP: 12/14
 10393 | D:9      | XOM: potion effect (haste)
 10400 | D:9      | XOM: smoke on damage
 10407 | D:9      | XOM: enchant monster (bad)
 10787 | D:9      | XOM: god gift: scale mail {god gift}
 10804 | D:9      | Found a staircase to the Orcish Mines.
 10847 | D:9      | Noticed Erica
 10853 | D:9      | XOM: potion effect (brilliance)
 10855 | D:9      | Noticed Pikel
 10860 | D:9      | Noticed Erica
 10860 | D:9      | Erica changed into Erica the redback
 10860 | D:9      | XOM: polymorph Erica -> Erica the redback
 10961 | D:6      | Bought a scroll of remove curse for 33 gold pieces
 11069 | D:9      | XOM: enchant monster (bad)
 11087 | D:9      | XOM: 2-stop teleportation journey
 11164 | D:9      | XOM: noise
 11176 | D:9      | Reached skill level 10 in Long Blades
 11197 | D:9      | XOM: 1-stop teleportation journey
 11222 | D:9      | Killed Erica the redback
 11245 | D:9      | XOM: harmless Tloc miscast
 11257 | D:9      | XOM: noise
 11281 | D:9      | XOM: medium Summ miscast
 11282 | D:9      | Noticed a sun demon
 11294 | D:9      | Noticed a rakshasa
 11294 | D:9      | a sun demon changed into a rakshasa
 11294 | D:9      | XOM: polymorph sun demon -> rakshasa
 11295 | D:9      | XOM: noise
 11302 | D:9      | XOM: harmless Conj miscast
 11424 | D:8      | XOM: medium Summ miscast
 11458 | D:9      | XOM: scenery: create altars
 11482 | D:9      | Found a staircase to the Lair.
 11588 | D:9      | Killed Prince Ribbit
 11788 | D:9      | Noticed a two-headed ogre
 11788 | D:9      | XOM: confuse monster(s)
 11809 | D:9      | Killed a two-headed ogre
 11857 | D:9      | XOM: medium Conj miscast
 11914 | D:9      | Killed Pikel
 11914 | D:9      | Reached skill level 11 in Long Blades
 12144 | D:9      | XOM: cloud trail
 12207 | D:9      | XOM: butterfly on damage
 12354 | D:10     | Entered Level 10 of the Dungeon
 12377 | D:10     | Noticed Maurice
 12387 | D:10     | XOM: potion effect (haste)
 12402 | D:10     | Killed Maurice
 12614 | D:10     | Reached skill level 1 in Shields
 12626 | D:10     | XOM: noise
 12648 | D:10     | Reached XP level 11. HP: 81/81 MP: 11/15
 12765 | D:10     | XOM: harmless Tloc miscast
 13010 | D:10     | Noticed a two-headed ogre
 13025 | D:10     | XOM: potion effect (haste)
 13178 | D:10     | XOM: summons 2 friendly demons
 13349 | D:10     | XOM: cast spell 'Alistair's Intoxication'
 13602 | D:10     | XOM: noise
 13629 | D:11     | XOM: confuse monster(s)
 13671 | D:11     | XOM: mild Tloc miscast
 13733 | D:11     | Found a runed door.
 13854 | D:11     | Found a runed door.
 13944 | D:11     | Noticed an ogre mage
 13985 | D:11     | XOM: scenery: create altars
 14053 | D:10     | Killed a two-headed ogre
 14077 | Lair:1   | Entered Level 1 of the Lair of Beasts
 14178 | Lair:1   | Got a transparent tin amulet
 14179 | Lair:1   | Identified the amulet "Sovel" {Inacc Int+3 Dex+3} (You found it on level 1 of the Lair of Beasts)
 14185 | Lair:1   | XOM: summons 9 friendly demons
 14195 | Lair:1   | Reached skill level 5 in Shields
 14284 | Lair:1   | XOM: polymorph iron imp -> crimson imp
 14358 | Lair:1   | XOM: scenery: create altars
 14420 | Lair:1   | Found a snail-covered altar of Cheibriados.
 14424 | Lair:1   | XOM: polymorph torpor snail -> water nymph
 14476 | Lair:1   | XOM: destruction
 14612 | Lair:1   | Noticed a seven-headed hydra
 14620 | Lair:1   | XOM: summons friendly iron imp
 14625 | Lair:1   | XOM: cast spell 'Olgreb's Toxic Radiance'
 14633 | Lair:1   | Killed a five-headed hydra
 14633 | Lair:1   | Reached skill level 1 in Air Magic
 14633 | Lair:1   | Reached skill level 1 in Poison Magic
 14640 | Lair:1   | XOM: polymorph crimson imp -> white imp
 14751 | Lair:1   | XOM: enchant monster (bad)
 15188 | Lair:1   | XOM: mild Tloc miscast
 15339 | Lair:2   | XOM: blink monster(s)
 15345 | Lair:1   | XOM: swap monsters
 15449 | Lair:2   | Reached skill level 5 in Dodging
 15502 | Lair:2   | XOM: summons friendly iron imp
 15731 | Lair:2   | Noticed an eight-headed hydra
 15731 | Lair:2   | XOM: silly message
 15741 | Lair:2   | XOM: confusion (+ monsters)
 15754 | Lair:2   | XOM: confuse monster(s)
 16025 | Lair:2   | XOM: butterfly on damage
 16026 | Lair:2   | Reached XP level 12. HP: 60/87 MP: 12/16
 16231 | Lair:2   | XOM: mild Conj miscast
 16300 | Lair:2   | Found a hole to the Spider Nest.
 16360 | Lair:2   | XOM: harmless Ice miscast
 16512 | Lair:2   | XOM: destruction
 16548 | Lair:2   | XOM: enchant monster (good)
 16552 | Lair:2   | Killed a one-headed hydra
 16756 | Lair:3   | XOM: swap monsters
 16760 | Lair:3   | XOM: polymorph crimson imp -> quasit
 16850 | Lair:3   | Noticed a four-headed hydra
 16857 | Lair:3   | Killed a one-headed hydra
 17089 | Lair:3   | XOM: polymorph crimson imp -> quasit
 17095 | Lair:3   | XOM: noise
 17214 | Lair:3   | XOM: polymorph wolf -> worm
 17339 | Lair:3   | XOM is BORED!
 17339 | Lair:3   | XOM: summons 4 hostile shadow creatures
 17349 | Lair:3   | XOM: confusion
 17493 | Lair:4   | Reached skill level 12 in Long Blades
 17636 | Lair:4   | XOM: summons 1 hostile demon
 17702 | Lair:4   | XOM: medium Conj miscast
 17914 | Lair:4   | XOM: divination: magic mapping
 17919 | Lair:4   | XOM: summons friendly crimson imp
 17978 | Lair:4   | XOM: confuse monster(s)
 17986 | Lair:4   | XOM: enchant monster (bad)
 17992 | Lair:4   | XOM: noise
 18039 | Lair:4   | XOM: god gift: runed robe {god gift}
 18088 | Lair:4   | Got a blackened shield
 18099 | Lair:4   | Identified the +6 shield of Greater Demons {Str+4} (You acquired it on level 4 of the Lair of Beasts)
 18199 | Lair:4   | XOM: confusion
 18346 | Lair:4   | Reached skill level 13 in Long Blades
 18443 | Lair:4   | Found a staircase to the Shoals.
 18577 | Lair:4   | XOM: god gift: wand of iceblast (10)
 18891 | Lair:5   | Noticed kae's ghost (journeyman GrEE)
 18891 | Lair:5   | XOM: repel stairs
 18900 | Lair:5   | XOM: summons 3 hostile shadow creatures
 18907 | Lair:5   | XOM: butterfly on damage
 18924 | Lair:5   | Killed kae's ghost
 18936 | Lair:5   | HP: 4/93 [black mamba[Xom] (8)]
 18955 | Lair:4   | Learned a level 3 spell: Dazzling Spray
 19169 | Lair:5   | XOM: 3-stop teleportation journey
 19177 | Lair:5   | Reached skill level 1 in Hexes
 19672 | Lair:6   | Entered Level 6 of the Lair of Beasts
 19673 | Lair:6   | Found a staircase to the Slime Pits.
 19747 | Lair:5   | XOM: confusion
 19757 | Lair:5   | Gained mutation: You are in touch with the powers of death. [Mummy growth]
 19757 | Lair:5   | Reached XP level 13. HP: 69/98 MP: 10/17
 19788 | Lair:5   | XOM: medium Summ miscast
 19888 | Lair:5   | XOM: cloud trail
 19924 | Lair:5   | XOM: silly message
 19936 | Lair:5   | XOM: silly message
 20188 | Lair:5   | XOM: summons 2 hostile demons
 20196 | Lair:5   | XOM: harmless Tmut miscast
 20270 | Lair:6   | XOM: mild Pois miscast
 20274 | Lair:6   | XOM: harmless Air miscast
 20301 | Lair:6   | XOM: scenery: create altars
 20353 | Lair:5   | XOM: medium Tmut miscast
 20393 | Lair:5   | XOM: god gift: sack of spiders
 20438 | Lair:5   | XOM: cast spell 'Leda's Liquefaction'
 20447 | Lair:5   | XOM: cast spell 'Summon Butterflies'
 20645 | Lair:5   | XOM: polymorph yak -> rime drake
 20783 | Lair:6   | XOM: polymorph crimson imp -> quasit
 20787 | Lair:5   | XOM: mild Necr miscast
 20792 | Lair:5   | XOM: enchant monster (bad)
 20804 | Lair:5   | XOM: confuse monster(s)
 20844 | Lair:5   | Reached skill level 14 in Long Blades
 20993 | Lair:5   | XOM: noise
 20994 | Lair:5   | XOM: summons 2 friendly demons
 21086 | Lair:5   | XOM: summons friendly quasit
 21177 | Lair:6   | Noticed mhoghedin's ghost (journeyman DrBe)
 21197 | Lair:6   | XOM: summons friendly shadow imp
 21201 | Lair:6   | XOM: potion effect (haste)
 21275 | Lair:6   | XOM: summons friendly white imp
 21290 | Lair:6   | Killed mhoghedin's ghost
 21365 | Lair:6   | XOM: harmless Tloc miscast
 21460 | Lair:6   | XOM: confuse monster(s)
 21541 | Lair:6   | XOM: divination: detect items
 21547 | Lair:6   | XOM: divination: detect items
 21645 | Lair:5   | XOM: confuse monster(s)
 21783 | Lair:6   | XOM: fake destruction
 21811 | Lair:6   | XOM: cleaving
 21824 | Lair:6   | XOM: god gift: great mace {god gift}
 22163 | Lair:6   | XOM: potion effect (agility)
 22181 | Lair:6   | XOM: divine lightning
 22213 | Lair:6   | XOM: summons 6 friendly demons
 22219 | Lair:6   | XOM: divination: detect creatures
 22311 | Lair:6   | XOM: confuse monster(s)
 22350 | Lair:6   | XOM: god gift: 2 needles of confusion
 22358 | Lair:6   | XOM: polymorph six-headed hydra -> alligator
 22373 | Lair:6   | XOM: enchant monster (bad)
 22464 | Lair:6   | XOM: cloud trail
 22539 | Lair:6   | XOM: 9-stop teleportation journey
 22569 | Lair:6   | XOM: potion effect (might)
 22597 | Lair:6   | XOM: smoke on damage
 22711 | Lair:6   | XOM: destruction
 22748 | Lair:6   | XOM: summons friendly iron imp
 22853 | Lair:6   | Got a scorched diamond amulet
 22854 | Lair:6   | Identified the amulet "Ekhaeff" {Spirit +Fly rF+ MP+9 Int+4} (You found it on level 6 of the Lair of Beasts)
 23088 | Lair:6   | XOM: summons 4 friendly demons
 23244 | Lair:3   | XOM: divination: magic mapping
 23325 | D:8      | XOM: god gift: wand of paralysis (7)
 23382 | D:6      | Bought a book of Battle for 560 gold pieces
 23385 | D:6      | Learned a level 2 spell: Shroud of Golubria
 23389 | D:6      | Learned a level 3 spell: Spectral Weapon
 23487 | Orc:1    | Entered Level 1 of the Orcish Mines
 23508 | Orc:1    | Reached XP level 14. HP: 102/106 MP: 9/19
 23649 | Orc:1    | Noticed an orc warlord
 23661 | Orc:1    | Killed an orc warlord
 23661 | Orc:1    | Reached skill level 1 in Charms
 23835 | Orc:1    | Noticed an orc warlord
 23838 | Orc:1    | XOM: noise
 23857 | Orc:1    | XOM: 2-stop teleportation journey
 24193 | Orc:1    | XOM: summons 3 friendly demons
 24209 | Orc:1    | XOM: destruction
 24391 | Orc:1    | XOM: scenery: create altars
 24421 | Orc:1    | XOM: scenery: create altars
 24433 | Orc:1    | XOM: summons 2 friendly demons
 24449 | Orc:1    | Killed an orc warlord
 24449 | Orc:1    | Reached skill level 1 in Evocations
 24516 | Orc:1    | XOM: 2-stop teleportation journey
 24589 | Orc:1    | Found Gate's Assorted Antiques.
 24594 | Orc:1    | Bought an embroidered hat for 182 gold pieces
 24599 | Orc:1    | Bought an embroidered cloak for 195 gold pieces
 24737 | Orc:2    | Entered Level 2 of the Orcish Mines
 24822 | Orc:2    | XOM: scenery: create altars
 24899 | Orc:2    | Found a roughly hewn altar of Beogh.
 25160 | Orc:2    | XOM: summons 9 friendly demons
 25203 | Orc:2    | XOM: fake destruction
 25230 | Orc:1    | XOM: scenery: create altars
 25454 | D:6      | Bought a book of Callings for 420 gold pieces
 25620 | Orc:2    | Reached skill level 5 in Spellcasting
 25630 | Orc:1    | Learned a level 4 spell: Summon Lightning Spire
 25686 | Orc:2    | XOM: cast spell 'Leda's Liquefaction'
 25720 | Orc:2    | XOM: mild Hex miscast
 25789 | Orc:2    | Noticed zero's ghost (journeyman GrBe)
 25872 | Orc:2    | XOM: harmless Chrm miscast
 25892 | Orc:2    | XOM: harmless Tmut miscast
 25994 | Orc:2    | XOM: potion effect (invisibility)
 26160 | Orc:2    | XOM: swap monsters
 26170 | Orc:2    | XOM: noise
 26378 | Orc:2    | XOM: mild Tmut miscast
 26403 | Orc:2    | XOM: blink monster(s)
 26581 | Orc:2    | XOM: confuse monster(s)
 26680 | Orc:2    | XOM: summons 8 friendly demons
 26685 | Orc:2    | Killed zero's ghost
 26732 | Orc:2    | XOM: fog
 26784 | Orc:2    | XOM: summons 7 friendly demons
 26810 | Orc:2    | Found Zuulakoh's Assorted Antiques.
 26811 | Orc:2    | Found Umilof's Distillery.
 26822 | Orc:2    | Found Uxeuma's Assorted Antiques.
 26824 | Orc:2    | Found Meperchui's Armour Emporium.
 26846 | Orc:2    | Bought a scroll of fog for 60 gold pieces
 26846 | Orc:2    | Bought a scroll of fear for 105 gold pieces
 26857 | Orc:2    | Bought an onyx ring for 125 gold pieces
 26888 | Orc:2    | Found a staircase to the Elven Halls.
 27056 | Orc:1    | XOM: god gift: mace {god gift}
 27191 | D:11     | XOM: cleaving
 27192 | D:11     | XOM: fake destruction
 27231 | D:11     | Reached skill level 10 in Shields
 27337 | D:11     | XOM: god gift: 3 scrolls of random uselessness
 27720 | D:11     | XOM: summons friendly crimson imp
 27733 | D:11     | XOM: smoke on damage
 27736 | D:11     | XOM: summons 12 friendly demons
 27956 | D:11     | XOM: summons 8 friendly demons
 27965 | D:11     | XOM: polymorph crimson imp -> ynoxinul
 27987 | D:11     | XOM: god gift: scroll of enchant weapon
 28021 | D:11     | Got a sparkling steel ring
 28025 | D:11     | Identified the cursed ring "Unaophuh" {Dex-2 Slay+2} (You took it off a centaur warrior on level 11 of the Dungeon)
 28052 | D:11     | Got a flickering platinum ring
 28053 | D:11     | Identified the ring "Xauc" {+Fly Str-3 Dex+7} (You found it on level 11 of the Dungeon)
 28057 | D:11     | Got a faintly glowing marble ring
 28058 | D:11     | Identified the ring of Veqobod {Str+2 Int+5} (You found it on level 11 of the Dungeon)
 28102 | D:11     | XOM: mild Conj miscast
 28112 | D:11     | XOM: cloud trail
 28136 | D:12     | XOM: destruction
 28179 | D:12     | XOM: blink monster(s)
 28190 | D:12     | XOM: scenery: create altars
 28210 | D:12     | XOM: enchant monster (good)
 28213 | D:12     | XOM: blink monster(s)
 28222 | D:12     | Noticed Azrael
 28225 | D:12     | XOM: butterfly on damage
 28227 | D:12     | HP: 1/106 [hell hound/blast of flame[Azrael] (6)]
 28227 | D:12     | Killed from afar by a hell hound

Vault maps used:
D:1:      dpeg_arrival_rooms_with_view
D:2:      first_bread, uniq_terence
D:3:      old_standard_altar, gammafunk_temple_overflow_wave,
          chequers_ecumenical_altar_simple, minmay_surrounded, uniq_ijyb
D:4:      grunt_temple_overflow_holy_war, lemuel_blue_sif_altar,
          minmay_temple_entry_statues, uniq_natasha
D:5:      lemuel_ice_spiral_2, uniq_duvessa
D:6:      serial_shops, nicolae_shop_behind_doors,
          nicolae_shop_temple_entry_statues_fountains, nicolae_shop_stone,
          minmay_misc_feat_room, uniq_blork_the_orc
D:7:      roderic_filled_cross, the_bakery
D:8:      basic_altar, uniq_joseph
D:9:      lair_entry_dummy, orc_0_dummy, uniq_erica, uniq_prince_ribbit1,
          uniq_pikel
D:10:     uniq_maurice
D:11:     minmay_the_grid_triangle_9x9_line_8_mashed
D:12:     uniq_azrael
Lair:1:   kennysheep_snail_temple
Lair:2:   spider_nest_entry_a, hangedman_lair_generics_rect, grunt_megastairs_2
Lair:4:   elwin_shoals_entry_rocks, lemuel_fruit_fields
Lair:6:   minmay_lair_end_enchanted_forest, slime_dummy
Orc:1:    serial_shops, shop
Orc:2:    st_orc_open, basic_altar
Abyss:1:  hangedman_shadowy_showcase

Skill      XL: |  1  2  3  4  5  6  7  8  9 10 11 12 13 14 |
---------------+-------------------------------------------+-----
Long Blades    | 3 4 5 6 8 9 11 13 14 | 14.0
Armour         | 2 4 |  4.9
Spellcasting   | 2 3 5 |  5.0
Fighting       | 5 8 |  8.8
Summonings     | 2 3 |  3.3
Conjurations   | 3 |  3.4
Dodging        | 2 6 |  6.4
Shields        | 1 5 9 10 | 10.5
Air Magic      | 1 3 |  3.2
Poison Magic   | 1 |  1.9
Hexes          | 2 |  2.2
Charms         | 2 |  2.0
Evocations     | 3 |  3.2

Action                   |  1- 3 |  4- 6 |  7- 9 | 10-12 | 13-15 || total
-------------------------+-------+-------+-------+-------+-------++-------
Melee: Falchion          |   107 |   193 |   362 |    55 |       ||   717
       Scimitar          |       |       |       |   474 |   815 ||  1289
Throw: Tomahawk          |       |       |     7 |     5 |     6 ||    18
 Cast: Call Imp          |       |       |    20 |   121 |    58 ||   199
       Mephitic Cloud    |       |       |     8 |    63 |    95 ||   166
       Blink             |       |       |     5 |    14 |    37 ||    56
       Conjure Flame     |       |       |     1 |     3 |    10 ||    14
       Dazzling Spray    |       |       |       |       |     4 ||     4
       Shroud of Golubri |       |       |       |       |     3 ||     3
       Spectral Weapon   |       |       |       |       |    26 ||    26
       Summon Lightning  |       |       |       |       |     3 ||     3
 Abil: Evoke Invisibilit |       |       |       |       |     4 ||     4
Evoke: Wand              |       |     1 |    10 |    23 |     4 ||    38
       Phantom mirror    |       |       |       |       |     1 ||     1
  Use: Scroll            |       |     7 |    18 |     9 |    10 ||    44
 Stab: Invisible         |     1 |     1 |       |       |    18 ||    20
       Petrified         |       |    10 |    11 |       |       ||    21
       Confused          |       |     4 |     2 |    27 |    39 ||    72
       Paralysed         |       |     2 |     5 |     9 |       ||    16
       Distracted        |       |     1 |     1 |     3 |     5 ||    10
       Petrifying        |       |       |     3 |       |       ||     3
Armor: Leather armour    |    35 |    55 |   103 |     6 |       ||   199
       Troll leather arm |       |       |       |   103 |   135 ||   238
Dodge: Dodged            |    58 |   103 |   140 |   262 |   346 ||   909
Block: Buckler           |       |       |       |    59 |   151 ||   210
       Shield            |       |       |       |       |   100 ||   100
       Rpst.: Falchion   |    21 |    34 |    47 |    11 |       ||   113
       Scimitar          |       |       |       |    71 |    90 ||   161

Table legend:
 A = Spawn XP
 B = Non-spawn XP
 C = Spawn XP percentage of total XP
 D = Spawn monster count
 E = Non-spawn monster count
 F = Spawn count percentage of total count
 G = Total turns spent on level
                    A         B        C        D         E        F      G
               +---------+---------+-------+---------+---------+-------+---------
         Total |       0 |   92396 |   0.0 |       0 |     597 |   0.0 | 28227
               +---------+---------+-------+---------+---------+-------+---------
           D:1 |       0 |      36 |   0.0 |       0 |      24 |   0.0 |   883
           D:2 |       0 |     141 |   0.0 |       0 |      23 |   0.0 |  1065
           D:3 |       0 |     133 |   0.0 |       0 |      25 |   0.0 |   778
           D:4 |       0 |     551 |   0.0 |       0 |      20 |   0.0 |   980
           D:5 |       0 |     557 |   0.0 |       0 |      14 |   0.0 |  1377
           D:6 |       0 |    1444 |   0.0 |       0 |      16 |   0.0 |  1740
           D:7 |       0 |    1091 |   0.0 |       0 |      21 |   0.0 |  1573
           D:8 |       0 |    1325 |   0.0 |       0 |      23 |   0.0 |  1973
           D:9 |       0 |    4584 |   0.0 |       0 |      26 |   0.0 |  2681
          D:10 |       0 |    2769 |   0.0 |       0 |      33 |   0.0 |  1272
          D:11 |       0 |    6484 |   0.0 |       0 |      28 |   0.0 |  1268
          D:12 |       0 |    1098 |   0.0 |       0 |      15 |   0.0 |    95
        Lair:1 |       0 |    5296 |   0.0 |       0 |      21 |   0.0 |  1340
        Lair:2 |       0 |    5879 |   0.0 |       0 |      24 |   0.0 |  1372
        Lair:3 |       0 |    2767 |   0.0 |       0 |      14 |   0.0 |   727
        Lair:4 |       0 |    6107 |   0.0 |       0 |      24 |   0.0 |  1501
        Lair:5 |       0 |   15321 |   0.0 |       0 |      47 |   0.0 |  2386
        Lair:6 |       0 |   15137 |   0.0 |       0 |      63 |   0.0 |  1860
         Orc:1 |       0 |    5167 |   0.0 |       0 |      56 |   0.0 |  1903
         Orc:2 |       0 |   16509 |   0.0 |       0 |      80 |   0.0 |  1381
               +---------+---------+-------+---------+---------+-------+---------
